 BcadrenCrawl: Boulder Brew version 0.05.21-53-g31332eff37 (webtiles) character file.

Game seed: 1264927364556725555, levelgen mode: deterministic

99 diana the Consumer (level 4, -3/33 HPs) Oozomorph Gladiator. Began on Aug 15, 2021. Slain by a water moccasin (4 damage) ... on level 1 of the Dungeon. The game lasted 00:02:06 (806 turns).

diana the Consumer (Oozomorph Gladiator)             Turns: 806, Time: 00:02:07

Health: -3/33      AC:  4    Str: 15    XL:     4 ^: 54
Magic:  5/5        EV: 11    Int:  8    God:
Gold:   26         SH:  0    Dex: 15    Spells: 3/3 levels left

rFire    . . .     Vision   .   a - +0 war axe
rCold    . . .     Gourm    .   (no weapon)
rNeg     . . .     Faith    .   b - +0 leather armour
rCorr    + + +     Spirit   .   j - scarf {repulsion}
rPois    .         Reflect  .   c - +0 helmet
rElec    .         Harm     .   (no armour)
MR       .....                  (no armour)
Stlth    +.........             (no armour)
HPRegen  0.21/turn              (nothing subsumed)
MPRegen  0.15/turn              (no amulet)
                                (no ring)
                                (no ring)

@: lethally poisoned (-3 -> -14), repel missiles
A: cytoplasmic subsumption, amorphous body, gelatinous body 1
a: Subsume Item


You were on level 1 of the Dungeon.
You were not hungry.

You visited 1 branch of the dungeon, and saw 2 of its levels.

You collected 26 gold pieces.

Inventory:

Weapons
 a - a +0 war axe (weapon)
 h - a cursed +2 hatchet of molten steel {(Curse: -Vis)}
Armour
 b - a +0 leather armour (worn)
 c - a +0 helmet (worn)
 j - a scarf of repulsion (worn)
Wands
 d - a wand of ensnaring (9)
Potions
 e - a potion of heal wounds
 g - a potion of ambrosia
Comestibles
 f - 3 rations


   Skills:
 * Level 4.0 Fighting
 + Level 3.6 Axes & Hammers
 + Level 1.6 Armour
 - Level 2.4 Dodging
 - Level 2.0 Evocations


You had 3 spell levels left.
You didn't know any spells.
Your spell library was empty.

Dungeon Overview and Level Annotations

Branches:
Dungeon (2/8)

Altars:


Innate Abilities, Weirdness & Mutations

You may subsume any weapon, armour, or jewellery into your cytoplasm to benefit from its magical properties.
Your body is completely amorphous, allowing you to wear any combination of armour.
You have seven amorphous slots; replacing the normal gear slots.
Body armours and bardings take two slots, all other armours take one.
Your gelatinous form is immune to acid, constriction and sticky flames. (rCorr+, Slime)


Message History

The water moccasin bites you (8)!
* * * LOW HITPOINT WARNING * * *
You are lethally poisoned!
The water moccasin poisons you (14)!
* * * LOW HITPOINT WARNING * * *
You feel sick. (2)
The water moccasin bites you (6).
* * * LOW HITPOINT WARNING * * *
Unknown command.
You hit the water moccasin (5).
You hit the water moccasin but do no damage.
The water moccasin is moderately wounded. (21/27) HP You feel less invigorated.
You feel less confused.
* * * LOW HITPOINT WARNING * * *
You feel sick. (1)
The water moccasin bites you (4).
* * * LOW HITPOINT WARNING * * *
The water moccasin bites you (4).
You die...

..............#............÷.....
###...........#.............####.
#...........##....###.###.####.
###............................#.
...........##.#..........##.##.#.
.........................#..##.#.
.........................#.###.#.
.........................#.....#.
...............S@........#######.
.....###....≈≈≈..................
.....# #....≈>≈...######.........
.....# #....≈≈....# #.#.######
###'## #.####.#.#.# #.#.# #.# #.#
#.#.#.# #.#.# #.# #.# #.#.#.#
#.#.# ###.####.# #.#.#.# #.#.#
.........# #.#.#.######.#.#


You could see a water moccasin.

Vanquished Creatures
  A jelly (D:2)
  3 giant cockroaches
  A cinder newt (D:1)
  2 dart slugs (D:1)
  3 leopard geckos (D:1)
  An adder skeleton (D:2)
  2 goblins (D:1)
  2 hobgoblins (D:1)
  A bat (D:1)
  A rat (D:1)
  2 withered plants (D:2)
19 creatures vanquished.

Vanquished Creatures (others)
  13 withered plants (D:2)
13 creatures vanquished.

Grand Total: 32 creatures vanquished

Notes
Turn   | Place    | Note
-------+----------+-------------------------------------------
     0 | D:1      | diana the Oozomorph Gladiator began the quest for the Orb.
     0 | D:1      | Reached XP level 1. HP: 14/14 MP: 2/2
    85 | D:1      | Reached XP level 2. HP: 20/20 MP: 3/3
    93 | D:1      | Reached skill level 3 in Fighting
   125 | D:1      | Reached skill level 1 in Armour
   125 | D:1      | Reached XP level 3. HP: 20/26 MP: 4/4
   769 | D:2      | Reached XP level 4. HP: 26/33 MP: 5/5
   773 | D:2      | Reached skill level 4 in Fighting
   786 | D:2      | Noticed a water moccasin
   805 | D:1      | HP: 1/33 [water moccasin (6)]
   806 | D:1      | Slain by a water moccasin

Levels and vault maps discovered:
D:1:      ebering_hopf_link, layout_basic
D:2:      layout_sewer, first_ration

Skill      XL: |  1  2  3  4 |
---------------+-------------+-----
Fighting       | 3 4 |  4.0
Armour         | 1 |  1.6
Axes & Hammers | |  3.6
Dodging        | |  2.4
Evocations     | |  2.0

Action                   |  1- 3 |  4- 6 || total
-------------------------+-------+-------++-------
Melee: War axe           |    35 |     6 ||    41
       Unarmed           |    21 |     6 ||    27
  Use: Potion            |       |     2 ||     2
 Stab: Sleeping          |     1 |       ||     1
Armor: Skin              |     5 |     3 ||     8
Dodge: Dodged            |    21 |     8 ||    29
